 Dungeon Crawl Stone Soup version 0.20.0-10-g0535bb4 (console) character file.

115 removed the Chiller (level 5, -1/28 HPs)
             Began as a Tengu Ice Elementalist on June 7, 2017.
             Killed by nerve-wracking pain
             ... invoked by an orc priest
              (3 damage)
             ... on level 3 of the Dungeon.
             The game lasted 00:06:06 (2590 turns).

removed the Chiller (Tengu Ice Elementalist)        Turns: 2590, Time: 00:06:07

Health: -1/28      AC:  2    Str:  8    XL:     5   Next: 0%
Magic:  0/9        EV: 13    Int: 16    God:
Gold:   109        SH:  0    Dex: 17    Spells: 7/8 levels left

rFire    . . .     SeeInvis .   p - staff of summoning
rCold    . . .     Gourm    .   (no shield)
rNeg     . . .     Faith    .   a - +0 robe
rPois    +         Spirit   .   (helmet restricted)
rElec    .         Reflect  .   (no cloak)
rCorr    .         Harm     .   (no gloves)
MR       .....                  (boots unavailable)
Stlth    ++........             (no amulet)
Regen    0.1/turn               q - ring of flight
MPRegen  0.2/turn               (no ring)

@: no status effects
A: beak, talons 3, agile 1, mutation resistance 1, poison resistance, able to
fly 1
a: Fly, Evoke Flight


You were on level 3 of the Dungeon.
You were hungry.

You visited 1 branch of the dungeon, and saw 3 of its levels.

You collected 109 gold pieces.

Inventory:

Hand Weapons
 i - a +0 vampiric dagger
 t - a cursed -2 spear
Missiles
 j - 5 javelins (quivered)
Armour
 a - a +0 robe (worn)
Magical Staves
 p - an uncursed staff of summoning (weapon)
Jewellery
 q - a ring of flight (left hand)
Scrolls
 d - 3 scrolls of teleportation {unknown}
 h - 3 scrolls of identify {unknown}
 k - a scroll of recharging {unknown}
 n - a scroll of blinking {unknown}
Books
 b - a book of Frost

   Spells                             Type                      Level
   a - Freeze                         Ice                          1
   b - Throw Frost                    Conjuration/Ice              2
   c - Ozocubu's Armour               Charms/Ice                   3
   d - Throw Icicle                   Conjuration/Ice              4
   e - Summon Ice Beast               Ice/Summoning                4
Comestibles
 c - 3 bread rations
 r - a meat ration
 u - 2 fruits


   Skills:
 - Level 2.1 Dodging
 - Level 2.0 Stealth
 - Level 2.0 Spellcasting
   Level 1.3 Conjurations
 + Level 5.0 Ice Magic


You had 7 spell levels left.
You knew the following spells:

 Your Spells              Type           Power        Failure   Level  Hunger
a - Freeze                Ice            ###.         2%          1    #......


Dungeon Overview and Level Annotations

Branches:
Dungeon (3/15)

Altars:


Innate Abilities, Weirdness & Mutations

You have a beak for a mouth.
You have claws for feet.
You can fly.
You are agile. (Dex +2)
You are somewhat resistant to further mutation.
Your system is resistant to poisons. (rPois)


Message History

Press: ? - help, Shift-Dir - straight line, f/p - orc priest
Aim: an orc priest, wielding a flail (heavily wounded)
You freeze the orc priest.
The orc priest is heavily wounded.
The orc priest mumbles some strange prayers to Beogh against you.
Pain shoots through your body!
* * * LOW HITPOINT WARNING * * *
It was a potion of mutation.
You feel extremely strange.
You feel agile.
You feel resistant to poisons.
You feel genetically stable. The orc priest closely misses you.
A goblin comes into view. It is wielding a dagger.
Throwing (i - inventory):
j - 6 javelins (quivered)
Press: ? - help, Shift-Dir - straight line, f/p - orc priest
Aim: an orc priest, wielding a flail (heavily wounded)
You throw a javelin.
The javelin barely misses the orc priest.
The goblin moves out of view.
The orc priest invokes the aid of Beogh against you.
Pain shoots through your body!
You die...

#..........#####....###
#................#..#
#...............[#..###
#...#####......[.......
#...# #..............
#...# #..............
#...#####..............
#...'..##..............
#...##@##...#####......
#...##o# #......
######.# #...... #(.
##. .. .. ...


You could see an orc priest.

Vanquished Creatures
  5 adders (D:2)
  2 oozes (D:1)
  A dart slug (D:2)
  A worm (D:2)
  2 leopard geckos (D:2)
  4 orcs (D:3)
  A ball python (D:2)
  4 bats
  3 giant cockroaches
  5 goblins
  7 hobgoblins
  6 kobolds
  2 quokkas
  2 frilled lizards
  6 rats
51 creatures vanquished.

Notes
Turn   | Place    | Note
-------+----------+-------------------------------------------
     0 | D:1      | removed the Tengu Ice Elementalist began the quest for the Orb.
     0 | D:1      | Reached XP level 1. HP: 10/10 MP: 4/4
   128 | D:1      | Reached skill level 3 in Ice Magic
   229 | D:1      | Reached XP level 2. HP: 13/15 MP: 1/6
   860 | D:1      | Reached XP level 3. HP: 13/19 MP: 4/7
  1264 | D:2      | Reached skill level 4 in Ice Magic
  1468 | D:2      | Reached XP level 4. HP: 23/24 MP: 5/8
  2579 | D:3      | Reached skill level 5 in Ice Magic
  2585 | D:3      | Gained mutation: You can fly. [Tengu growth]
  2585 | D:3      | Reached XP level 5. HP: 19/28 MP: 2/9
  2589 | D:3      | Gained mutation: You are agile. (Dex +2) [potion of mutation]
  2589 | D:3      | Gained mutation: Your system is resistant to poisons. (rPois) [potion of mutation]
  2589 | D:3      | Gained mutation: You are somewhat resistant to further mutation. [potion of mutation]
  2590 | D:3      | Killed from afar by an orc priest

Skill      XL: |  1  2  3  4 |
---------------+-------------+-----
Ice Magic      | 3 4 5 |  5.0
Dodging        | |  2.1
Stealth        | |  2.0
Spellcasting   | |  2.0
Conjurations   | |  1.3

Action                   |  1- 3 |  4- 6 || total
-------------------------+-------+-------++-------
Melee: Dagger            |     1 |       ||     1
       Unarmed           |     1 |       ||     1
       Staff             |     1 |       ||     1
       Kick              |     1 |       ||     1
Throw: Javelin           |     6 |     1 ||     7
 Cast: Freeze            |    52 |    45 ||    97
  Use: Potion            |     2 |     1 ||     3
  Eat: Bread ration      |     1 |       ||     1
       Chunk             |     3 |     3 ||     6
Armor: Robe              |     8 |     2 ||    10
Dodge: Dodged            |    38 |    16 ||    54
